 Dungeon Crawl Stone Soup version 0.31-a0-174-g85c54bcb58 (webtiles) character file.

Game seed: 8346511807743157840

793 qw the Shooter (level 7, -1/65 (66) HPs)
             Began as a Naga Hunter on June 15, 2023.
             Was an Initiate of Okawaru.
             Slain by a wight
             ... wielding a +7 long sword of freezing
              (10 damage)
             ... on level 6 of the Dungeon.
             The game lasted 00:01:23 (3939 turns).

qw the Shooter (Naga Hunter)                        Turns: 3939, Time: 00:01:24

HP:   -1/65 (66)    AC: 11    Str: 13    XL:     7   Next: 88%
MP:   5/7           EV: 11    Int:  9    God:    Okawaru [......]
Gold: 173           SH:  0    Dex: 17    Spells: 6/6 levels left

rFire   . . .        Y - +0 shortbow
rCold   . . .        (shield currently unavailable)
rNeg    + + .        c - +0 leather armour
rPois   +            (no helmet)
rElec   .            o - +0 cloak
rCorr   .            (no gloves)
SInv    +            d - +0 barding
Will    .....        (no amulet)
Stlth   +++          h - ring of positive energy
HPRegen 0.30/turn    m - ring of positive energy
MPRegen 0.10/turn

%: no passive effects
@: heroic, lightly drained, very slow
A: AC +2, large, see invisible, deformed body, poison resistance, slowness 2,
spit poison 1, naga tail 1
a: Spit Poison, Renounce Religion


You were on level 6 of the Dungeon.
You worshipped Okawaru.
Okawaru was noncommittal.
You visited 2 branches of the dungeon, and saw 7 of its levels.

You collected 269 gold pieces.
You spent 96 gold pieces at shops.


Innate Abilities, Weirdness & Mutations

Your serpentine skin is tough. (AC +2)
You have supernaturally acute eyesight. (SInv)
Armour fits poorly on your strangely shaped body.
Your system is resistant to poisons. (rPois)
You cover ground very slowly.
You can spit poison.
You have a snake-like lower body.


   Skills:
 - Level 4.6(9.6) Fighting
 + Level 7.4(12.4) Ranged Weapons
 - Level 1.0(6.0) Armour
 - Level 2.0(7.0) Dodging
 - Level 1.5(6.5) Stealth


You had 6 spell levels left.
You didn't know any spells.
Your spell library was empty.

Inventory:

Hand Weapons
 Y - a +0 shortbow (weapon)
Armour
 b - a +0 pair of gloves
 c - a +0 leather armour (worn)
 d - a +0 barding (worn)
 o - a +0 cloak (worn)
Jewellery
 h - a ring of positive energy (left hand)
 m - a ring of positive energy (right hand)
Scrolls
 a - 2 scrolls of identify
Potions
 e - a potion of cancellation
 f - a potion of resistance
 i - a potion of might
 k - 3 potions of curing
 n - a potion of haste

Dungeon Overview and Level Annotations

Branches:
Dungeon (6/15)             Temple (1/1) D:5

Altars:
Ashenzari
Cheibriados
Dithmenos
Elyvilon
Fedhas
Gozag
Hepliaklqana
Makhleb
Nemelex Xobeh
Okawaru
Qazlal
Ru
Sif Muna
Wu Jian
Xom
Yredelemnul
Zin

Shops:
D:2 !*   D:5 (   D:6 (


Message History

You shoot an arrow. The arrow barely misses the centaur.
The centaur barely misses you.
The centaur kicks you but does no damage.
The wight completely misses you. The centaur hits you.
The centaur kicks you but does no damage.
You shoot an arrow. The arrow hits the centaur.
You kill the centaur!
Okawaru accepts your kill.
You can now gain great but temporary skills.
The wight hits you but does no damage.
The wight hits you with a +7 long sword of freezing.
You partially resist.
You feel drained. The wight freezes you.
Your life force feels restored.
3934 ||| INVOKING Heroism.
You gain the combat prowess of a mighty hero.
You can no longer gain great but temporary skills.
The wight closely misses you. The wight misses you.
The wight completely misses you.
You shoot an arrow. The arrow closely misses the wight.
The wight hits you with a +0 flail. The wight barely misses you.
The wight misses you.
You shoot an arrow. The arrow completely misses the wight.
The wight completely misses you.
The wight hits you with a +7 long sword of freezing!
You partially resist.
You feel drained. The wight freezes you. The wight closely misses you.
You shoot an arrow. The arrow hits the wight.
The wight is almost destroyed.
You shoot an arrow.
The arrow hits the wight but does no damage.
The wight is almost destroyed.
You have got your breath back.
The wight hits you with a +7 long sword of freezing!
The wight freezes you. The wight closely misses you.
The wight barely misses you.
You shoot an arrow. The arrow hits the wight.
You destroy the wight!
Okawaru accepts your kill.
The wight hits you with a +7 long sword of freezing!
You die...

#.... ##. .... #.. ...#
..... ... . .........
##.. #.
.###........####..#
/...
..#............#z)#...#
..#......###...#@z...#
>.#...#..#####......##
......#...#\##.####..#
......###.#'#..# ...#
......##.......# ...
..............## ..
.##............... . .
###..........###
#.........## .


You could see 2 wights.

Vanquished Creatures
  A black bear (D:5)
  An ogre (D:5)
  A centaur (D:6)
  2 scorpions
  A wight (D:6)
  A howler monkey (D:5)
  3 hounds
  3 orc priests
  An orc wizard (D:5)
  4 gnolls (D:4)
  4 adders
  A white imp (D:5)
  An ufetubus (D:6)
  3 dart slugs
  3 worms (D:2)
  9 orcs
  4 endoplasms
  4 giant cockroaches
  5 goblins
  8 hobgoblins
  7 kobolds
  2 quokkas (D:1)
  6 ball pythons
  5 bats
  3 frilled lizards
  6 rats
89 creatures vanquished.

Notes
Turn   | Place    | Note
-------+----------+-------------------------------------------
     0 | D:1      | qw the Naga Hunter began the quest for the Orb.
     0 | D:1      | Reached XP level 1. HP: 19/19 MP: 1/1
     0 | D:1      | 0 ||| qw: Version: 0.2-a-29-g511e9b1
     0 | D:1      | 0 ||| qw: Game counter: 5327
     0 | D:1      | 0 ||| qw: Always use a shield: true
     0 | D:1      | 0 ||| qw: God list: Okawaru
     0 | D:1      | 0 ||| qw: Allow faded altars: false
     0 | D:1      | 0 ||| qw: Do Orc after D:15 true
     0 | D:1      | 0 ||| qw: Do second Lair branch before Depths: true
     0 | D:1      | 0 ||| qw: Lair rune preference: random
     0 | D:1      | 0 ||| qw: Plans: Normal
     0 | D:1      | 0 ||| PLANNING D:1-11
     6 | D:1      | 6 ||| INVOKING Spit Poison.
    14 | D:1      | 14 ||| INVOKING Spit Poison.
    42 | D:1      | 42 ||| INVOKING Spit Poison.
    45 | D:1      | Reached skill level 4 in Ranged Weapons
    45 | D:1      | Reached XP level 2. HP: 26/26 MP: 2/2
    55 | D:1      | 55 ||| INVOKING Spit Poison.
   109 | D:1      | Found a faded altar of an unknown god.
   160 | D:1      | 160 ||| INVOKING Spit Poison.
   188 | D:1      | 188 ||| INVOKING Spit Poison.
   193 | D:1      | 193 ||| INVOKING Spit Poison.
   214 | D:1      | 214 ||| INVOKING Spit Poison.
   244 | D:1      | 244 ||| INVOKING Spit Poison.
   249 | D:1      | 249 ||| INVOKING Spit Poison.
   338 | D:1      | 338 ||| INVOKING Spit Poison.
   342 | D:1      | 342 ||| INVOKING Spit Poison.
   367 | D:1      | 367 ||| INVOKING Spit Poison.
   435 | D:1      | 435 ||| INVOKING Spit Poison.
   584 | D:1      | 584 ||| UPGRADING to +0 barding.
   589 | D:1      | 589 ||| UPGRADING to ring of positive energy.
   590 | D:1      | 590 ||| READING scroll labelled JIFICA EWO.
   591 | D:1      | 591 ||| READING scroll labelled SOR UWOIRCHO.
   592 | D:1      | 592 ||| READING scroll labelled QUTONA LYSSINTA.
   595 | D:1      | 595 ||| READING scroll labelled KYEPAM DAEF.
   596 | D:1      | 596 ||| DROPPING scroll of butterflies.
   627 | D:2      | Reached XP level 3. HP: 32/32 MP: 3/3
   638 | D:2      | 638 ||| INVOKING Spit Poison.
   645 | D:2      | 645 ||| INVOKING Spit Poison.
   656 | D:2      | 656 ||| INVOKING Spit Poison.
   668 | D:2      | 668 ||| INVOKING Spit Poison.
   684 | D:2      | 684 ||| Stepping ~*~*~tactically~*~*~ (outnumbered).
   686 | D:2      | 686 ||| INVOKING Spit Poison.
   698 | D:2      | 698 ||| INVOKING Spit Poison.
   717 | D:2      | Found Feguck's Distillery.
   725 | D:2      | 725 ||| BUYING potion of cancellation (96 gold).
   725 | D:2      | Bought a potion of cancellation for 96 gold pieces
   725 | D:2      | 725 ||| SHOPLISTING potion of cancellation (96 gold, have
                  | 8).
   725 | D:2      | 725 ||| SHOPLISTING potion of curing (36 gold, have 8).
   725 | D:2      | 725 ||| SHOPLISTING potion of heal wounds (60 gold, have
                  | 8).
   725 | D:2      | 725 ||| SHOPLISTING potion of might (48 gold, have 8).
   737 | D:2      | 737 ||| INVOKING Spit Poison.
   745 | D:2      | Found Ytyrch's General Store.
   749 | D:2      | 749 ||| SHOPLISTING potion of mutation (88 gold, have 8).
   749 | D:2      | 749 ||| SHOPLISTING scroll of enchant weapon (82 gold, have
                  | 8).
   749 | D:2      | 749 ||| SHOPLISTING scroll of identify (22 gold, have 8).
   788 | D:2      | 788 ||| INVOKING Spit Poison.
   931 | D:2      | 931 ||| INVOKING Spit Poison.
   932 | D:2      | 932 ||| INVOKING Spit Poison.
   964 | D:2      | 964 ||| INVOKING Spit Poison.
   984 | D:2      | 984 ||| INVOKING Spit Poison.
  1061 | D:2      | 1061 ||| INVOKING Spit Poison.
  1079 | D:2      | 1079 ||| INVOKING Spit Poison.
  1128 | D:2      | 1128 ||| INVOKING Spit Poison.
  1167 | D:2      | 1167 ||| READING scroll labelled BOAGREZAIM.
  1168 | D:2      | 1168 ||| DRINKING 2 pink potions.
  1207 | D:3      | Found a blossoming altar of Fedhas.
  1208 | D:3      | 1208 ||| INVOKING Spit Poison.
  1211 | D:3      | Found a basalt altar of Yredelemnul.
  1212 | D:3      | 1212 ||| INVOKING Spit Poison.
  1215 | D:3      | Found a burning altar of Makhleb.
  1218 | D:3      | Found a shadowy altar of Dithmenos.
  1230 | D:3      | 1230 ||| INVOKING Spit Poison.
  1233 | D:3      | Reached skill level 5 in Ranged Weapons
  1233 | D:3      | Reached XP level 4. HP: 39/39 MP: 4/4
  1239 | D:3      | 1239 ||| INVOKING Spit Poison.
  1287 | D:3      | 1287 ||| INVOKING Spit Poison.
  1313 | D:3      | 1313 ||| INVOKING Spit Poison.
  1391 | D:3      | 1391 ||| INVOKING Spit Poison.
  1425 | D:3      | 1425 ||| INVOKING Spit Poison.
  1429 | D:3      | 1429 ||| INVOKING Spit Poison.
  1455 | D:3      | 1455 ||| INVOKING Spit Poison.
  1457 | D:3      | 1457 ||| Stepping ~*~*~tactically~*~*~ (outnumbered).
  1460 | D:3      | 1460 ||| INVOKING Spit Poison.
  1467 | D:3      | 1467 ||| INVOKING Spit Poison.
  1470 | D:3      | 1470 ||| INVOKING Spit Poison.
  1473 | D:3      | 1473 ||| INVOKING Spit Poison.
  1474 | D:3      | Reached skill level 3 in Fighting
  1482 | D:3      | 1482 ||| INVOKING Spit Poison.
  1661 | D:3      | 1661 ||| INVOKING Spit Poison.
  1683 | D:3      | 1683 ||| INVOKING Spit Poison.
  1684 | D:3      | Reached XP level 5. HP: 49/49 MP: 5/5
  1785 | D:3      | 1785 ||| INVOKING Spit Poison.
  1837 | D:3      | 1837 ||| INVOKING Spit Poison.
  1902 | D:3      | 1902 ||| INVOKING Spit Poison.
  1913 | D:3      | 1913 ||| INVOKING Spit Poison.
  1974 | D:3      | 1974 ||| UPGRADING to +0 cloak.
  1979 | D:3      | 1979 ||| DROPPING ring of flight.
  1980 | D:3      | 1980 ||| UPGRADING to ring of positive energy.
  1981 | D:3      | 1981 ||| READING scroll labelled IGEVIT BEDOATH.
  2045 | D:3      | 2045 ||| DRINKING 2 black potions.
  2046 | D:3      | 2046 ||| DRINKING 2 murky sapphire potions.
  2047 | D:3      | 2047 ||| READING 2 scrolls of identify.
  2047 | D:3      | 2047 ||| IDENTIFYING orange potion
  2048 | D:3      | 2048 ||| DROPPING potion of brilliance.
  2229 | D:4      | Found a sparkling altar of Nemelex Xobeh.
  2266 | D:4      | 2266 ||| INVOKING Spit Poison.
  2268 | D:4      | Reached skill level 1 in Armour
  2279 | D:4      | 2279 ||| INVOKING Spit Poison.
  2283 | D:4      | 2283 ||| INVOKING Spit Poison.
  2286 | D:4      | 2286 ||| INVOKING Spit Poison.
  2293 | D:4      | 2293 ||| INVOKING Spit Poison.
  2309 | D:4      | 2309 ||| INVOKING Spit Poison.
  2385 | D:4      | 2385 ||| INVOKING Spit Poison.
  2390 | D:4      | 2390 ||| INVOKING Spit Poison.
  2396 | D:4      | 2396 ||| INVOKING Spit Poison.
  2401 | D:4      | HP: 9/49 [gnoll/+0 club (4)]
  2402 | D:4      | 2402 ||| DRINKING potion of heal wounds.
  2403 | D:4      | 2403 ||| INVOKING Spit Poison.
  2407 | D:4      | Reached XP level 6. HP: 26/56 MP: 6/6
  2408 | D:4      | 2408 ||| INVOKING Spit Poison.
  2600 | D:4      | 2600 ||| INVOKING Spit Poison.
  2601 | D:4      | 2601 ||| INVOKING Spit Poison.
  2602 | D:4      | Reached skill level 6 in Ranged Weapons
  2653 | D:4      | 2653 ||| INVOKING Spit Poison.
  2657 | D:4      | 2657 ||| INVOKING Spit Poison.
  2661 | D:4      | 2661 ||| INVOKING Spit Poison.
  3002 | D:4      | 3002 ||| READING scroll labelled OCOWUWOI YHIEM.
  3103 | D:4      | 3103 ||| READING 5 scrolls of identify.
  3103 | D:4      | 3103 ||| IDENTIFYING smoky white potion
  3104 | D:4      | 3104 ||| READING 4 scrolls of identify.
  3104 | D:4      | 3104 ||| IDENTIFYING murky cyan potion
  3105 | D:4      | 3105 ||| READING 3 scrolls of identify.
  3105 | D:4      | 3105 ||| IDENTIFYING emerald potion
  3106 | D:4      | 3106 ||| READING 2 scrolls of identify.
  3106 | D:4      | 3106 ||| IDENTIFYING inky potion
  3107 | D:4      | 3107 ||| DROPPING potion of lignification.
  3108 | D:4      | 3108 ||| DROPPING potion of enlightenment.
  3142 | D:5      | Entered Level 5 of the Dungeon
  3174 | D:5      | 3174 ||| INVOKING Spit Poison.
  3183 | D:5      | 3183 ||| INVOKING Spit Poison.
  3186 | D:5      | 3186 ||| INVOKING Spit Poison.
  3187 | D:5      | Reached XP level 7. HP: 28/66 MP: 7/7
  3329 | D:5      | Found Virag's Weapon Boutique.
  3365 | D:5      | Found a staircase to the Ecumenical Temple.
  3366 | D:5      | 3366 ||| PLANNING TEMPLE
  3372 | Temple   | Entered the Ecumenical Temple
  3388 | Temple   | 3388 ||| PLANNING OKAWARU WORSHIP
  3583 | Temple   | Became a worshipper of Warmaster Okawaru
  3584 | Temple   | 3584 ||| PLANNING D:1-11
  3638 | D:5      | 3638 ||| INVOKING Spit Poison.
  3641 | D:5      | 3641 ||| INVOKING Spit Poison.
  3647 | D:5      | 3647 ||| INVOKING Spit Poison.
  3654 | D:5      | 3654 ||| INVOKING Spit Poison.
  3660 | D:5      | 3660 ||| INVOKING Spit Poison.
  3666 | D:5      | 3666 ||| INVOKING Spit Poison.
  3669 | D:5      | 3669 ||| INVOKING Spit Poison.
  3714 | D:5      | 3714 ||| INVOKING Spit Poison.
  3839 | D:5      | 3839 ||| INVOKING Spit Poison.
  3840 | D:5      | 3840 ||| INVOKING Spit Poison.
  3860 | D:5      | 3860 ||| INVOKING Spit Poison.
  3864 | D:5      | 3864 ||| INVOKING Spit Poison.
  3865 | D:5      | Reached skill level 7 in Ranged Weapons
  3876 | D:5      | 3876 ||| READING 3 scrolls of identify.
  3876 | D:5      | 3876 ||| IDENTIFYING coppery potion
  3877 | D:5      | 3877 ||| DROPPING potion of invisibility.
  3895 | D:6      | Found Lomur's Antique Weapon Shoppe.
  3922 | D:6      | 3922 ||| INVOKING Spit Poison.
  3928 | D:6      | 3928 ||| INVOKING Spit Poison.
  3931 | D:6      | 3931 ||| INVOKING Spit Poison.
  3933 | D:6      | Reached * piety under Okawaru
  3934 | D:6      | 3934 ||| INVOKING Heroism.
  3938 | D:6      | HP: 15/65 [wight/+7 long sword of freezing (13)]
  3939 | D:6      | Slain by a wight

Levels and vault maps discovered:
D:1:      minmay_arrival_plants_in_alcoves, layout_loops_ring,
          hellmonk_ecumenical_altar_crossroads
D:2:      layout_basic, serial_shops, shop, nicolae_shop_back_alley_shop
D:3:      layout_basic, grunt_temple_overflow_cloverleaf, serial_bayou_pond_d,
          hangedman_decor_peaks_small
D:4:      layout_basic, mainiacjoe_overflow_tiny_flanked, eino_tiny_chamber
D:5:      layout_gridville, minmay_temple_entry_statues_fountains, serial_shops,
          shop, kennysheep_cross_room
D:6:      layout_cave_pools, tgw_kikubaaqudgha, serial_shops,
          nicolae_shop_tiny_glass, minmay_chambers_of_fives
Temple:   hc_temple_tempest_star

Skill      XL: |  1  2  3  4  5  6  7 |
---------------+----------------------+-----
Ranged Weapons | 4 5 6 7 |  7.4
Fighting       | 3 4 |  4.6
Armour         | 1 |  1.0
Dodging        | 2 |  2.0
Stealth        | |  1.5

Action                     |  1- 3 |  4- 6 |  7- 9 || total
---------------------------+-------+-------+-------++-------
   Fire: Shortbow          |    47 |    80 |    49 ||   176
 Invoke: Heroism           |       |       |     1 ||     1
Ability: Spit Poison       |    31 |    36 |    14 ||    81
    Use: Scroll            |     5 |     7 |     1 ||    13
         Potion            |     1 |     3 |       ||     4
 Armour: Leather armour    |     5 |    29 |    23 ||    57
  Dodge: Dodged            |     5 |    20 |    21 ||    46

Table legend:
 A = Non-vault XP
 B = Vault XP
 C = Vault XP percentage of total XP
 D = Non-vault monster count
 E = Vault monster count
 F = Vault count percentage of total count
                 A         B        C        D         E       F
            +---------+---------+-------+---------+---------+-------
      Total |    1211 |       0 |   0.0 |      89 |       0 |   0.0
            +---------+---------+-------+---------+---------+-------
        D:1 |      32 |       0 |   0.0 |      15 |       0 |   0.0
        D:2 |      44 |       0 |   0.0 |      22 |       0 |   0.0
        D:3 |     103 |       0 |   0.0 |      24 |       0 |   0.0
        D:4 |     293 |       0 |   0.0 |      12 |       0 |   0.0
        D:5 |     545 |       0 |   0.0 |      13 |       0 |   0.0
        D:6 |     194 |       0 |   0.0 |       3 |       0 |   0.0
            +---------+---------+-------+---------+---------+-------
